Map: Romanticide LE

Players

Demi - Winner!

  • Race: Zerg Zerg

Seither

  • Race: Terran Terran

Event: DreamHack SC2 Masters 2021 Winter

VOD

Have the link to the VOD?

Description

Time

  • Played on: Sept. 29, 2021, 6:09 a.m.
  • Length: 12:10

All games in this series

Show
View Real Time Build Order
Export as new Build Order

Demi Zerg - Winner!

Build Orders: Hatch First 

Get SALT Encoding   

  12  0:00  Drone  
  13  0:12  Overlord  
  13  0:17  Drone  
  14  0:30  Drone x2  
  16  0:47  Hatchery  
  15  0:51  Drone  
  15  0:54  Drone  
  17  0:57  Drone  
  18  1:09  Extractor  
  17  1:13  Spawning Pool  
  17  1:15  Drone  
  17  1:19  Drone  
  18  1:28  Drone  
  19  1:38  Drone  
  20  1:50  Drone  
  21  1:59  Queen x2  
  21  2:00  Zergling x2  
  21  2:01  Zergling x2  
  27  2:12  Overlord  
  27  2:15  Drone  
  28  2:21  Hatchery  
  27  2:24  Drone  
  28  2:32  Drone x3  
  30  2:39  Queen  
  32  2:47  Overlord  
  32  2:49  Metabolic Boost  
  32  2:51  Drone  
  32  2:55  Drone  
  32  2:57  Drone  
  35  3:08  Drone x2, Queen  
  35  3:11  Drone x2  
  41  3:18  Drone x2  
  43  3:22  Overlord  
  43  3:32  Queen  
  43  3:34  Zergling x4  
  47  3:35  Queen  
  49  3:42  Drone x2, Overlord  
  49  3:47  Drone x4  
  55  3:51  Zergling x4  
  57  4:02  Drone x2  
  59  4:03  Overlord  
  59  4:08  Spore Crawler  
  59  4:09  Drone x3  
  61  4:10  Extractor  
  61  4:15  Overlord  
  61  4:16  Drone  
  61  4:19  Overlord  
  61  4:20  Spore Crawler  
  61  4:23  Drone  
  61  4:25  Lair  
  61  4:30  Drone x3  
  61  4:31  Drone x2  
  66  4:35  Baneling Nest  
  66  4:37  Drone  
  66  4:38  Drone  
  67  4:43  Queen  
  69  4:46  Drone  
  69  4:47  Drone x4  
  74  4:56  Drone x2, Extractor  
  74  4:57  Drone x3  
  74  4:58  Overlord, Extractor  
  76  5:02  Overlord  
  76  5:06  Drone x2  
  79  5:07  Drone x2  
  79  5:10  Zergling x2, Extractor x2  
  79  5:18  Drone  
  79  5:19  Drone x4  
  84  5:26  Centrifugal Hooks  
  84  5:31  Drone x4  
  84  5:34  Spire  
  87  5:40  Zergling x8  
  91  5:44  Overlord x2  
  91  5:49  Zergling x2  
  92  6:00  Drone x4  
  92  6:01  Drone x2  
  92  6:02  Overlord x3  
  97  6:06  Hatchery  
  96  6:18  Overlord x2  
  96  6:19  Overlord  
  96  6:24  Drone x2  
  96  6:25  Zergling x6  
  101  6:26  Evolution Chamber x2  
  99  6:37  Drone x4  
  103  6:47  Extractor  
  103  6:48  Mutalisk  
  103  6:49  Mutalisk x10  
  103  6:51  Zerg Flyer Weapons Level 1  
  103  6:53  Baneling x3  
  103  6:54  Baneling  
  124  6:57  Zergling x4  
  126  7:03  Zerg Melee Weapons Level 1  
  126  7:04  Zerg Ground Armor Level 1  
  126  7:08  Drone x5  
  130  7:09  Drone  
  130  7:14  Zergling x10  
  129  7:24  Mutalisk x3  
  135  7:37  Mutalisk x2  
  135  7:40  Drone x2  
  135  7:43  Drone  
  135  7:44  Drone x3, Extractor  
  145  7:46  Pneumatized Carapace  
  145  7:47  Overseer  
  144  7:51  Overseer  
  144  7:53  Hatchery  
  144  7:57  Baneling x4  
  144  7:58  Baneling, Zergling x14  
  144  7:59  Zergling x8  
  144  8:04  Overlord x3  
  153  8:19  Zergling x14  
  160  8:23  Mutalisk x5  
  170  8:33  Zergling x12  
  170  8:34  Zergling x2  
  176  8:35  Infestation Pit  
  175  8:44  Zergling x2  
  175  8:45  Zergling x8  
  180  8:48  Zerg Flyer Weapons Level 2  
  180  8:50  Drone x3  
  180  8:52  Baneling  
  180  8:53  Baneling x10  
  183  9:02  Zerg Ground Armor Level 2, Zerg Melee Weapons Level 2  
  181  9:10  Zergling x4  
  181  9:11  Zergling x14  
  181  9:12  Overlord x4  
  181  9:14  Baneling x5  
  181  9:15  Baneling x7  
  186  9:18  Zergling x8  
  186  9:21  Overlord  
  186  9:24  Hive  
  190  9:31  Zergling x2  
  190  9:32  Zergling x16  
  190  9:35  Zergling x2  
  200  9:42  Baneling x10  
  194  9:46  Zergling x10  
  199  9:54  Baneling x4  
  199  9:55  Baneling x9  
  159  10:10  Zergling x20  
  159  10:11  Zergling x18  
  158  10:18  Mutalisk x5  
  168  10:22  Queen  
  168  10:23  Mutalisk x2  
  168  10:28  Zergling x6  
  175  10:34  Zergling x4  
  173  10:35  Zergling x2  
  173  10:36  Zergling x4  
  157  10:44  Zergling x12  
  156  10:50  Mutalisk x6  
  156  10:53  Queen  
  156  10:55  Drone  
  156  10:56  Drone, Extractor  
  171  10:58  Extractor  
  171  11:00  Zergling x8  
  174  11:05  Baneling x11  
  174  11:08  Zergling x14  
  181  11:11  Mutalisk x2  
  181  11:17  Zergling x12  
  177  11:32  Zergling x8  
  175  11:33  Zergling x14  
  175  11:39  Ultralisk Cavern  
Show
View Real Time Build Order
Export as new Build Order

Seither Terran 

Build Orders: Reaper Expand 

Get SALT Encoding   

  12  0:00  SCV  
  13  0:12  SCV  
  14  0:17  Supply Depot  
  14  0:24  SCV  
  15  0:39  SCV  
  15  0:40  Barracks  
  16  0:45  Refinery  
  16  0:51  SCV  
  17  1:03  SCV  
  18  1:15  SCV  
  19  1:27  Reaper  
  19  1:28  Orbital Command  
  20  1:40  Command Center  
  20  1:52  Supply Depot  
  20  1:54  SCV  
  20  1:59  Marine  
  22  2:06  SCV  
  23  2:09  Factory  
  23  2:18  SCV  
  24  2:23  Barracks Reactor  
  24  2:30  SCV  
  25  2:42  SCV  
  26  2:52  Command Center, Orbital Command  
  26  2:55  SCV  
  27  2:59  Starport  
  27  3:06  Refinery  
  27  3:11  Hellion  
  29  3:13  Hellion  
  29  3:16  SCV  
  29  3:19  Barracks Tech Lab  
  32  3:21  SCV  
  33  3:28  SCV  
  33  3:33  SCV  
  35  3:40  SCV  
  36  3:42  Viking, Marine  
  39  3:49  Supply Depot, SCV  
  39  3:51  Hellion  
  39  3:52  SCV  
  39  3:53  Hellion  
  45  4:01  SCV  
  46  4:04  SCV  
  46  4:07  SCV  
  46  4:09  Marine  
  49  4:10  Stimpack  
  49  4:13  Hellion, SCV  
  49  4:14  Hellion  
  54  4:20  Liberator  
  54  4:21  Orbital Command  
  57  4:26  SCV x2  
  57  4:31  Supply Depot  
  59  4:38  SCV x2  
  61  4:46  Barracks  
  61  4:49  Factory Reactor, Orbital Command  
  61  4:50  Barracks  
  61  4:51  SCV  
  61  4:52  SCV  
  63  4:55  Marine  
  63  4:59  Supply Depot  
  64  5:00  Engineering Bay  
  64  5:01  Engineering Bay  
  64  5:03  SCV  
  64  5:04  SCV  
  64  5:05  Starport Reactor  
  66  5:07  Refinery  
  66  5:08  Refinery  
  66  5:16  SCV x2  
  66  5:17  Marine  
  66  5:21  SCV  
  70  5:22  Barracks  
  70  5:23  Barracks  
  70  5:28  SCV  
  69  5:30  Terran Infantry Weapons Level 1, SCV, Terran Infantry Armor Level 1  
  69  5:33  SCV  
  71  5:37  Supply Depot, Marine x3  
  74  5:44  Factory Tech Lab  
  74  5:45  SCV x2  
  74  5:46  SCV  
  77  5:55  Combat Shield, Marine x5  
  77  5:56  Medivac  
  84  5:57  SCV  
  84  5:58  Medivac  
  84  5:59  SCV x2  
  84  6:03  Supply Depot  
  86  6:05  Siege Tank  
  89  6:20  Barracks Reactor x2, Marine x4  
  89  6:24  SCV x3, Marine  
  97  6:26  Supply Depot  
  97  6:30  Supply Depot x2  
  97  6:36  Medivac x2  
  101  6:41  Refinery x2  
  101  6:44  Armory  
  101  6:47  SCV x3, Marine x5  
  101  6:50  Supply Depot  
  101  6:53  Supply Depot  
  109  6:55  Siege Tank  
  109  6:57  Marine x2  
  109  7:00  SCV x2  
  109  7:01  SCV  
  117  7:05  Marine x4  
  117  7:06  Marine x2  
  123  7:13  Marine  
  123  7:14  Supply Depot  
  123  7:15  Supply Depot, Marine x2  
  121  7:24  Marine x6  
  124  7:31  Medivac, Siege Tank  
  124  7:33  Barracks  
  124  7:34  Barracks  
  124  7:35  Marine x3, Barracks  
  132  7:39  Supply Depot  
  132  7:45  Terran Infantry Weapons Level 2, Marine x3  
  132  7:51  Missile Turret  
  135  7:52  Terran Infantry Armor Level 2  
  135  7:59  Marine x4  
  135  8:03  Siege Tank  
  135  8:05  SCV x2  
  143  8:06  SCV  
  143  8:07  Missile Turret  
  145  8:13  Medivac x2  
  145  8:18  Marine x5  
  154  8:20  Marine x2  
  154  8:21  Marine  
  154  8:24  Marine x3  
  154  8:25  Marine  
  161  8:30  Supply Depot x2  
  161  8:31  Missile Turret  
  161  8:35  Siege Tank  
  161  8:40  Marine x7  
  161  8:41  Marine  
  171  8:42  Marine x2  
  173  8:50  Missile Turret  
  173  8:51  Marine x2  
  175  8:55  Supply Depot  
  175  8:57  Marine x2  
  175  8:58  Marine x3  
  175  9:11  Marine x2  
  175  9:12  Marine x2  
  175  9:13  Siege Tank  
  175  9:16  Medivac x2  
  186  9:18  Missile Turret  
  186  9:20  Marine  
  186  9:21  Marine x7  
  194  9:29  Marine x3  
  197  9:34  Supply Depot  
  197  9:36  Missile Turret  
  197  9:37  Missile Turret  
  197  9:39  Marine  
  197  9:46  Marine  
  197  9:50  Marine  
  197  9:51  Marine x2  
  197  9:56  Marine x3  
  200  10:01  Missile Turret, Medivac  
  200  10:02  Medivac, Sensor Tower  
  146  10:08  Marine x4  
  146  10:12  Siege Tank  
  146  10:13  Marine x4  
  136  10:18  Marine x3  
  139  10:31  Medivac  
  139  10:32  Medivac  
  139  10:34  Marine x8  
  136  10:44  Siege Tank  
  136  10:45  Marine x4  
  124  10:52  Marine x6  
  130  10:58  Marine x2  
  130  11:03  Marine  
  133  11:05  Factory  
  133  11:12  Marine x3  
  133  11:13  Marine  
  133  11:17  Command Center, Marine  
  133  11:18  Marine x2  
  117  11:32  Marine x6  
  109  11:34  Marine x3  
  109  11:35  Marine  
  102  11:43  Marine x2  
  83  11:49  Marine x3  
  83  11:50  Marine x3  

Tags
 
Add a new tag
Caveats
  • Supply blocks, unpowered buildings, or Contaminate may cause inaccurate times.
  • Supply counts are checked every 10 seconds.